 Dungeon Crawl Stone Soup version 0.18.1-50-g88ac8fd (webtiles) character file.

81 GammafunkIsABaby the Chiller (level 4, -2/27 HPs)
             Began as a High Elf Ice Elementalist on June 9, 2018.
             Slain by a scorpion (8 damage)
             ... on level 6 of the Dungeon.
             The game lasted 00:03:13 (644 turns).

GammafunkIsABaby the Chiller (HEIE)                  Turns: 644, Time: 00:03:14

Health: -2/27      AC:  2    Str:  8    XL:     4   Next: 20%
Magic:  4/9        EV: 12    Int: 19    God:
Gold:   110        SH:  0    Dex: 15    Spells: 3 memorised, 1 level left

rFire  . . .     SeeInvis .     (no weapon)
rCold  . . .     Gourm    .     a - +0 robe
rNeg   . . .     Faith    .     (no shield)
rPois  .         Spirit   .     (no helmet)
rElec  .         Dismiss  .     (no cloak)
rCorr  .         Reflect  .     (no gloves)
SustAt .         Harm     .     (no boots)
MR     .....                    d - amulet of inaccuracy (curse)
Stlth  ++........               g - ring of flight
                                f - +1 ring of slaying

@: lethally poisoned (-2 -> -17), not resistant to hostile enchantments,
unstealthy
A: no striking features
a: Evoke Flight


You were on level 6 of the Dungeon.
You were not hungry.

You visited 1 branch of the dungeon, and saw 6 of its levels.

You collected 110 gold pieces.

Inventory:

Armour
 a - a +0 robe (worn)
Jewellery
 d - a cursed amulet of inaccuracy (around neck)
 f - a +1 ring of slaying (left hand)
 g - a ring of flight (right hand)
Scrolls
 e - 2 scrolls of identify {unknown}
 h - a scroll of noise {unknown}
Books
 b - a book of Frost

   Spells                             Type                      Level
   a - Freeze                         Ice                          1
   b - Throw Frost                    Conjuration/Ice              2
   c - Ozocubu's Armour               Charms/Ice                   3
   d - Throw Icicle                   Conjuration/Ice              4
   e - Summon Ice Beast               Ice/Summoning                4
 i - a Necronomicon

   Spells                             Type                      Level
   a - Haunt                          Necromancy/Summoning         7
   b - Borgnjor's Revivification      Necromancy                   8
   c - Death's Door                   Charms/Necromancy            8
   d - Necromutation                  Transmutation/Necromancy     8
Comestibles
 c - a bread ration


   Skills:
 - Level 2.1 Dodging
 - Level 2.1 Stealth
 - Level 3.3 Spellcasting
   Level 1.1 Conjurations
 + Level 0.5 Summonings
 - Level 4.4 Ice Magic


You had one spell level left.
You knew the following spells:

 Your Spells              Type           Power        Failure   Level  Hunger
a - Freeze                Ice            ###.         2%          1    None
B - Summon Ice Beast      Ice/Summ       ##......     63%         4    ####...
C - Ozocubu's Armour      Chrm/Ice       ##......     17%         3    ###....


Dungeon Overview and Level Annotations

Branches:
Dungeon (8/15)
 Temple: D:4-7         Lair: D:8-11

Altars:


Message History

Confirm with . or Enter, or press ? or * to list all spells.
Aiming: Freeze
Press: ? - help, Shift-Dir - straight line, f/p - scorpion
Aim: a scorpion (heavily wounded)
You freeze the scorpion.
The scorpion is severely wounded.
You feel sick. The scorpion stings you.
* * * LOW HITPOINT WARNING * * *
You are more poisoned.
The scorpion poisons you!
Casting: Freeze
Confirm with . or Enter, or press ? or * to list all spells.
Aiming: Freeze
Press: ? - help, Shift-Dir - straight line, f/p - scorpion
Aim: a scorpion (severely wounded)
You freeze the scorpion.
The scorpion is severely wounded.
* * * LOW HITPOINT WARNING * * *
You feel sick. The scorpion stings you!
You die...

........#
........#
........#
........#
........######
.........l...#
........####l#
........####s###
........'..#@..#
........##.###.#
##########.# .#
#.# # #.# # #.#
# #.# # #.# #
ยง#$# #.#


You could see a scorpion and a giant gecko.

Vanquished Creatures
  A hound (D:6)
  A hound skeleton (D:6)
  3 adders
  A giant gecko (D:1)
  A bat (D:3)
  2 hobgoblins (D:3)
  A jackal (D:2)
  2 goblins
  A rat (D:2)
13 creatures vanquished.

Notes
Turn   | Place    | Note
--------------------------------------------------------------
     0 | D:1      | GammafunkIsABaby the High Elf Ice Elementalist began the quest for the Orb.
     0 | D:1      | Reached XP level 1. HP: 11/11 MP: 4/4
   179 | D:2      | Reached XP level 2. HP: 8/17 MP: 1/7
   360 | D:3      | Reached XP level 3. HP: 15/21 MP: 2/8
   379 | D:3      | You fall through a shaft for 3 floors!
   399 | D:6      | Learned a level 3 spell: Ozocubu's Armour
   497 | D:6      | Reached skill level 4 in Ice Magic
   543 | D:6      | HP: 1/21 [hound skeleton (4)]
   550 | D:6      | Reached XP level 4. HP: 20/27 MP: 4/9
   559 | D:6      | Learned a level 4 spell: Summon Ice Beast
   591 | D:6      | You fall through a shaft for 2 floors!
   644 | D:6      | Slain by a scorpion

Skill      XL: |  1  2  3 |
---------------+----------+-----
Spellcasting   | 3 |  3.3
Ice Magic      | 4 |  4.4
Dodging        | |  2.1
Stealth        | |  2.1
Conjurations   | |  1.1
Summonings     | |  0.5

Action                   |  1- 3 |  4- 6 || total
-------------------------+-------+-------++-------
Melee: Unarmed           |    21 |       ||    21
 Cast: Freeze            |    22 |     8 ||    30
       Ozocubu's Armour  |     2 |       ||     2
  Use: Potion            |     1 |       ||     1
 Stab: Sleeping          |     1 |       ||     1
Armor: Robe              |    14 |     1 ||    15
Dodge: Dodged            |    22 |     3 ||    25
